cohdb
Replays
Latest Replays
All Replays
Popular Replays
Top Player Replays
Match Explorer
How It Works
Community
CoH3 Stats
Reddit
Sign in to upload your games and track your stats! →
Sign in with Steam
Match 45789290
Unlisted
Match 45789290
Overview
Messages
Build Orders
End
Construct Barracks
Riflemen Squad
Riflemen Squad
Grenade Package
Riflemen Squad
M1 Mortar Team
Selects Armored Battlegroup
Selects Veteran Crews
Construct Medical Station
Mechanized Support Center
Construct Motor Pool
Selects M31 Recovery Vehicle
Selects Fast Deploy
M8 Greyhound Armored Car
Riflemen Squad
Rapid Repairs
Designate Forward Repair Station
ILoveGingers
[PD]Bimbi
Nico-Nico-Nii~~
사촌간볼빨기
Metile
Siso
0
0
Comments
sign in to comment!
No comments posted yet!